[ PARTIDA AOE2 · #495824642 ]
UnrankedTártaros vs Romans
Equipo del jugador · VICT
Equipo rival · DERR
[ ANÁLISIS DE REPETICIÓN · EXTRAÍDO DE LA PARTIDA GRABADA ]
Feudal
8:39
Castillos
23:01
Imperial
—
| APM promedio | 56.2 |
| APM pico | 86 |
| eAPM promedio | 18.0 |
| Aldeanos / militares | 53 / 44 |
Foco
⚔️ 36.4% · 🌾 63.6%
Archer ×37 · Knight ×4 · Scout Cavalry ×3
Feudal
9:16
Castillos
24:03
Imperial
—
| APM promedio | 51.5 |
| APM pico | 83 |
| eAPM promedio | 18.7 |
| Aldeanos / militares | 56 / 34 |
Foco
⚔️ 29.1% · 🌾 70.9%
Militia ×17 · Skirmisher ×13 · Spearman ×3 · Scorpion ×1
Mapa de la partida
Recursos iniciales + cada clic de construcción. Líneas = muros · curvas = relieve. ◆ oro · ⬟ piedra · ● bayas · ✦ reliquia · ◌ hueco del cierre
Tu base· ✓ Cerrada en 23:01 · 42t muro · 1 puerta(s)
Base de pierrehusson· ✓ Cerrada en 24:03 · 37t muro · sin puerta
Terreno inicial suavizado · ◌ = hueco del cierre detectado · pasá el cursor para detalles
Inputs por minuto
— Cegisaurio [GiGi] - - pierrehusson
Build order — Cegisaurio [GiGi]
Primeras 150 de 173 acciones detectadas
| 0:00 | Crear | Villager (Male) |
| 0:01 | Crear | Villager (Male) |
| 0:01 | Crear | Villager (Male) |
| 0:01 | Crear | Villager (Male) |
| 0:02 | Construir | House |
| 0:04 | Construir | House |
| 1:26 | Crear | Villager (Male) |
| 1:38 | Crear | Villager (Male) |
| 1:38 | Crear | Villager (Male) |
| 2:26 | Crear | Villager (Male) |
| 2:27 | Crear | Villager (Male) |
| 2:37 | Construir | Lumber Camp |
| 2:42 | Crear | Villager (Male) |
| 3:13 | Crear | Villager (Male) |
| 3:14 | Crear | Villager (Male) |
| 3:14 | Crear | Villager (Male) |
| 3:31 | Construir | House |
| 3:40 | Crear | Villager (Male) |
| 3:40 | Crear | Villager (Male) |
| 4:11 | Crear | Villager (Male) |
| 4:12 | Crear | Villager (Male) |
| 4:12 | Crear | Villager (Male) |
| 4:53 | Construir | Mill |
| 5:10 | Crear | Villager (Male) |
| 5:43 | Investigar | Loom |
| 6:29 | Investigar | Feudal Age |
| 7:09 | Construir | House |
| 7:19 | Construir | Barracks |
| 7:54 | Construir | Palisade Wall |
| 8:17 | Construir | Palisade Wall |
| 8:22 | Construir | Palisade Wall |
| 8:39 | Edad | Edad Feudal |
| 8:45 | Construir | Stable |
| 8:48 | Crear | Villager (Male) |
| 8:50 | Investigar | Double-Bit Axe |
| 8:55 | Construir | House |
| 9:07 | Crear | Villager (Male) |
| 9:22 | Crear | Villager (Male) |
| 9:27 | Crear | Scout Cavalry |
| 9:40 | Construir | House |
| 9:43 | Construir | Palisade Wall |
| 9:45 | Construir | House |
| 10:39 | Crear | Villager (Male) |
| 10:47 | Crear | Villager (Male) |
| 10:50 | Construir | Farm |
| 10:52 | Construir | Farm |
| 11:00 | Construir | Farm |
| 11:08 | Construir | Farm |
| 11:15 | Crear | Villager (Male) |
| 11:19 | Crear | Scout Cavalry |
| 11:31 | Crear | Villager (Male) |
| 11:34 | Construir | Farm |
| 11:37 | Construir | House |
| 11:38 | Construir | Palisade Wall |
| 11:38 | Construir | Palisade Wall |
| 11:44 | Construir | Farm |
| 11:57 | Crear | Villager (Male) |
| 12:04 | Construir | Archery Range |
| 12:22 | Crear | Villager (Male) |
| 12:41 | Crear | Villager (Male) |
| 12:54 | Crear | Villager (Male) |
| 12:56 | Construir | Mining Camp |
| 13:04 | Crear | Scout Cavalry |
| 13:07 | Crear | Villager (Male) |
| 13:22 | Construir | Blacksmith |
| 13:24 | Crear | Archer |
| 13:25 | Crear | Archer |
| 13:54 | Crear | Villager (Male) |
| 14:04 | Crear | Archer |
| 14:12 | Crear | Villager (Male) |
| 14:19 | Investigar | Fletching |
| 14:23 | Construir | House |
| 14:33 | Crear | Villager (Male) |
| 14:38 | Construir | Archery Range |
| 14:40 | Construir | Palisade Wall |
| 14:48 | Crear | Archer |
| 14:49 | Crear | Villager (Male) |
| 14:57 | Construir | Palisade Wall |
| 14:59 | Construir | Palisade Wall |
| 15:10 | Crear | Villager (Male) |
| 15:18 | Construir | Farm |
| 15:27 | Crear | Archer |
| 15:27 | Crear | Archer |
| 15:28 | Crear | Villager (Male) |
| 15:51 | Crear | Archer |
| 15:51 | Crear | Archer |
| 15:52 | Crear | Villager (Male) |
| 16:01 | Crear | Villager (Male) |
| 16:03 | Construir | House |
| 16:09 | Construir | Palisade Gate |
| 16:14 | Construir | Palisade Wall |
| 16:14 | Construir | Palisade Wall |
| 16:19 | Crear | Archer |
| 16:20 | Crear | Villager (Male) |
| 16:22 | Construir | House |
| 16:24 | Construir | Palisade Wall |
| 16:27 | Construir | Farm |
| 16:30 | Construir | Farm |
| 16:33 | Construir | Farm |
| 16:42 | Crear | Archer |
| 16:42 | Crear | Archer |
| 16:43 | Crear | Villager (Male) |
| 16:53 | Crear | Villager (Male) |
| 17:02 | Crear | Archer |
| 17:18 | Construir | House |
| 17:25 | Construir | Palisade Wall |
| 17:38 | Crear | Archer |
| 17:38 | Crear | Archer |
| 18:06 | Crear | Archer |
| 18:08 | Construir | Farm |
| 18:12 | Construir | Farm |
| 18:23 | Crear | Archer |
| 18:56 | Crear | Archer |
| 18:56 | Crear | Archer ×2 |
| 19:00 | Crear | Villager (Male) |
| 19:02 | Construir | House |
| 19:03 | Construir | Farm |
| 19:27 | Crear | Villager (Male) |
| 19:32 | Construir | Mining Camp |
| 19:36 | Construir | Lumber Camp |
| 19:39 | Crear | Archer |
| 19:40 | Crear | Archer |
| 19:40 | Crear | Villager (Male) |
| 19:43 | Construir | Farm |
| 19:47 | Construir | House |
| 20:08 | Construir | Farm |
| 20:12 | Construir | Palisade Wall |
| 20:21 | Investigar | Castle Age |
| 20:43 | Crear | Archer |
| 20:43 | Crear | Archer |
| 20:43 | Crear | Archer |
| 20:53 | Investigar | Padded Archer Armor |
| 21:19 | Investigar | Horse Collar |
| 21:22 | Crear | Archer |
| 21:23 | Crear | Archer |
| 21:29 | Construir | Farm |
| 21:35 | Investigar | Scale Barding Armor |
| 21:53 | Construir | Farm |
| 22:09 | Crear | Archer |
| 22:09 | Crear | Archer |
| 22:25 | Crear | Archer |
| 22:25 | Crear | Archer |
| 23:01 | Edad | Edad de los Castillos |
| 23:03 | Investigar | Crossbowman (upgrade) |
| 23:04 | Investigar | Bodkin Arrow |
| 23:13 | Crear | Villager (Male) |
| 23:13 | Crear | Villager (Male) |
| 23:24 | Crear | Villager (Male) |
| 23:26 | Construir | House |
| 23:27 | Construir | House |
Build order — pierrehusson
Primeras 150 de 163 acciones detectadas
| 0:01 | Crear | Villager (Male) ×4 |
| 0:03 | Construir | House |
| 0:04 | Construir | House |
| 1:22 | Crear | Villager (Male) |
| 1:23 | Crear | Villager (Male) |
| 1:41 | Construir | Lumber Camp |
| 1:48 | Crear | Villager (Male) |
| 1:48 | Crear | Villager (Male) |
| 2:09 | Crear | Villager (Male) |
| 2:09 | Crear | Villager (Male) |
| 2:41 | Crear | Villager (Male) |
| 3:08 | Crear | Villager (Male) |
| 3:08 | Crear | Villager (Male) |
| 3:43 | Crear | Villager (Male) |
| 3:43 | Crear | Villager (Male) |
| 3:50 | Construir | House |
| 4:26 | Construir | Barracks |
| 4:29 | Crear | Villager (Male) |
| 4:29 | Crear | Villager (Male) |
| 4:35 | Crear | Villager (Male) |
| 4:35 | Crear | Villager (Male) |
| 4:35 | Crear | Villager (Male) |
| 4:55 | Crear | Villager (Male) |
| 5:01 | Construir | House |
| 5:25 | Crear | Villager (Male) |
| 6:18 | Construir | Mining Camp |
| 6:23 | Investigar | Loom |
| 6:59 | Investigar | Feudal Age |
| 7:16 | Crear | Militia |
| 7:16 | Crear | Militia |
| 7:27 | Crear | Militia |
| 7:46 | Crear | Militia |
| 7:58 | Construir | Mill |
| 8:41 | Construir | House |
| 9:16 | Edad | Edad Feudal |
| 9:19 | Construir | Blacksmith |
| 9:20 | Crear | Villager (Male) |
| 9:25 | Investigar | Man-at-Arms (upgrade) |
| 9:29 | Investigar | Double-Bit Axe |
| 10:17 | Crear | Villager (Male) |
| 10:20 | Construir | House |
| 10:21 | Construir | Palisade Wall |
| 10:30 | Crear | Villager (Male) |
| 10:33 | Crear | Militia |
| 10:46 | Crear | Spearman |
| 10:49 | Investigar | Horse Collar |
| 10:54 | Construir | House |
| 10:59 | Construir | Palisade Wall |
| 11:08 | Crear | Villager (Male) |
| 11:12 | Construir | Farm |
| 11:13 | Construir | Farm |
| 11:23 | Construir | House |
| 11:26 | Construir | Palisade Wall |
| 11:35 | Construir | Farm |
| 11:37 | Crear | Spearman |
| 11:44 | Construir | Farm |
| 11:54 | Crear | Villager (Male) |
| 11:54 | Crear | Villager (Male) |
| 12:32 | Construir | Farm |
| 12:53 | Crear | Villager (Male) |
| 13:02 | Crear | Spearman |
| 13:04 | Crear | Villager (Male) |
| 13:11 | Construir | House |
| 13:16 | Construir | Farm |
| 13:17 | Crear | Villager (Male) |
| 13:47 | Crear | Villager (Male) |
| 13:56 | Construir | Market |
| 13:57 | Crear | Villager (Male) |
| 14:10 | Crear | Villager (Male) |
| 14:19 | Construir | Palisade Wall |
| 14:29 | Construir | Farm |
| 14:32 | Construir | Farm |
| 14:35 | Crear | Villager (Male) |
| 15:01 | Crear | Villager (Male) |
| 15:05 | Construir | Farm |
| 15:07 | Construir | Farm |
| 15:18 | Crear | Villager (Male) |
| 15:33 | Construir | Archery Range |
| 15:57 | Construir | Farm |
| 16:01 | Crear | Villager (Male) |
| 16:08 | Construir | Farm |
| 16:16 | Crear | Villager (Male) |
| 16:36 | Construir | Lumber Camp |
| 16:38 | Crear | Skirmisher |
| 16:38 | Crear | Skirmisher |
| 16:45 | Investigar | Scale Mail Armor |
| 16:46 | Investigar | Padded Archer Armor |
| 16:54 | Construir | House |
| 17:01 | Crear | Skirmisher |
| 17:15 | Investigar | Fletching |
| 17:22 | Crear | Skirmisher |
| 17:22 | Crear | Villager (Male) |
| 17:30 | Construir | House |
| 17:35 | Crear | Skirmisher |
| 17:36 | Investigar | Padded Archer Armor |
| 17:44 | Construir | House |
| 17:57 | Construir | Farm |
| 17:58 | Crear | Villager (Male) |
| 18:01 | Crear | Skirmisher |
| 18:04 | Crear | Militia |
| 18:04 | Crear | Militia |
| 18:13 | Crear | Villager (Male) |
| 18:23 | Construir | Farm |
| 18:24 | Construir | Farm |
| 18:24 | Construir | Farm |
| 18:26 | Construir | Farm |
| 18:40 | Crear | Villager (Male) |
| 18:44 | Construir | House |
| 18:46 | Construir | House |
| 18:50 | Construir | House |
| 18:53 | Crear | Villager (Male) |
| 18:58 | Crear | Militia |
| 18:59 | Crear | Skirmisher |
| 19:17 | Crear | Villager (Male) |
| 19:17 | Crear | Villager (Male) |
| 19:21 | Crear | Villager (Male) |
| 19:39 | Crear | Skirmisher |
| 19:49 | Construir | Farm |
| 20:03 | Construir | Farm |
| 20:04 | Construir | Farm |
| 20:05 | Construir | Farm |
| 20:05 | Construir | Farm |
| 20:06 | Construir | Farm |
| 20:06 | Construir | Farm |
| 20:06 | Construir | Farm |
| 20:06 | Construir | Farm |
| 20:07 | Construir | Farm |
| 20:10 | Crear | Villager (Male) |
| 20:24 | Crear | Militia |
| 20:25 | Crear | Skirmisher |
| 20:42 | Construir | House |
| 20:58 | Crear | Villager (Male) |
| 21:03 | Construir | Farm |
| 21:14 | Construir | House |
| 21:15 | Construir | Palisade Wall |
| 21:20 | Investigar | Castle Age |
| 21:32 | Construir | Farm |
| 21:34 | Crear | Skirmisher |
| 21:56 | Crear | Militia |
| 21:56 | Crear | Militia |
| 22:09 | Construir | House |
| 22:15 | Crear | Skirmisher |
| 22:15 | Crear | Skirmisher |
| 22:33 | Investigar | Forging |
| 23:26 | Crear | Villager (Male) |
| 23:27 | Crear | Villager (Male) |
| 23:39 | Crear | Militia |
| 23:53 | Construir | Barracks |
| 24:03 | Edad | Edad de los Castillos |
| 24:07 | Investigar | Long Swordsman (upgrade) |
Cronología de la partida
| 4:26 | pierrehusson · first_building Barracks |
| 7:19 | Cegisaurio [GiGi] · first_building Barracks |
| 7:54 | Cegisaurio [GiGi] · wall_segment Palisade Wall x1 |
| 8:17 | Cegisaurio [GiGi] · wall_segment Palisade Wall x1 |
| 8:22 | Cegisaurio [GiGi] · wall_segment Palisade Wall x1 |
| 8:39 | Cegisaurio [GiGi] · age_up feudal |
| 8:45 | Cegisaurio [GiGi] · first_building Stable |
| 9:16 | pierrehusson · age_up feudal |
| 9:43 | Cegisaurio [GiGi] · wall_segment Palisade Wall x1 |
| 10:21 | pierrehusson · wall_segment Palisade Wall x3 |
| 10:59 | pierrehusson · wall_segment Palisade Wall x12 |
| 11:26 | pierrehusson · wall_segment Palisade Wall x6 |
| 11:38 | Cegisaurio [GiGi] · wall_segment Palisade Wall x2 |
| 11:38 | Cegisaurio [GiGi] · wall_segment Palisade Wall x1 |
| 12:04 | Cegisaurio [GiGi] · first_building Archery Range |
| 14:19 | pierrehusson · wall_segment Palisade Wall x15 |
| 14:40 | Cegisaurio [GiGi] · wall_segment Palisade Wall x1 |
| 14:57 | Cegisaurio [GiGi] · wall_segment Palisade Wall x1 |
| 14:59 | Cegisaurio [GiGi] · wall_segment Palisade Wall x7 |
| 15:33 | pierrehusson · first_building Archery Range |
| 16:14 | Cegisaurio [GiGi] · wall_segment Palisade Wall x8 |
| 16:14 | Cegisaurio [GiGi] · wall_segment Palisade Wall x1 |
| 16:24 | Cegisaurio [GiGi] · wall_segment Palisade Wall x3 |
| 17:25 | Cegisaurio [GiGi] · wall_segment Palisade Wall x14 |
| 20:12 | Cegisaurio [GiGi] · wall_segment Palisade Wall x1 |
| 20:30 | pierrehusson · first_market_sell 100 stone |
| 20:32 | pierrehusson · first_market_buy 100 food |
| 21:15 | pierrehusson · wall_segment Palisade Wall x1 |
| 23:01 | Cegisaurio [GiGi] · age_up castle |
| 24:03 | pierrehusson · age_up castle |
| 25:39 | pierrehusson · first_building Siege Workshop |
| 26:22 | pierrehusson · resign |
[ ANÁLISIS IA · 1 CRÉDITO ]
¿Qué pasó realmente en esta partida?
Wolo.gg analiza cada decisión: build order, eco, micro, errores típicos por bracket. Análisis personalizado por WhatsApp o Discord en 30 segundos.
Guía civ
Tártaros
Perfil
Cegisaurio [GiGi]